 Dungeon Crawl Stone Soup version 0.30-a0-591-g3c58d2bc28 (webtiles) character file.

Game seed: 4465038874789906466

1225 OTABOTABOTAB the Grave Robber (level 8, -1/41 HPs)
             Began as a Vampire Necromancer on Jan 6, 2023.
             Slain by a gnoll sergeant
             ... wielding a +0 spear
              (9 damage)
             ... on level 5 of the Dungeon.
             The game lasted 00:17:29 (5099 turns).

OTABOTABOTAB the Grave Robber (Vampire Necromancer) Turns: 5099, Time: 00:17:29

Health: -1/41      AC:  4    Str:  7    XL:     8   Next: 23%
Magic:  15/16      EV: 15    Int: 19    God:
Gold:   223        SH:  0    Dex: 15    Spells: 10/18 levels left

rFire   . . .      SeeInvis +    d - +0 whip
rCold   + + .      Faith    .    (no shield)
rNeg    + + +      Spirit   .    a - +0 robe
rPois   ∞          Reflect  .    (no helmet)
rElec   .          Harm     .    e - +1 cloak
rCorr   .          Rampage  .    (no gloves)
Will    .....                    (no boots)
Stlth   ++++                     (no amulet)
HPRegen 0.00/turn                Q - +4 ring of slaying
MPRegen 0.15/turn                (no ring)

@: animating dead, bloodless, inhibited regen
A: bloodless, fangs 3, see invisible, vampiric 2
a: Bat Form, Revivify


You were on level 5 of the Dungeon.
You visited 1 branch of the dungeon, and saw 5 of its levels.

You collected 223 gold pieces.

Inventory:

Hand Weapons
 d - a +0 whip (weapon)
   (You found it on level 1 of the Dungeon)
Missiles
 k - 4 boomerangs
 m - 5 poisoned darts
 s - 36 stones
Armour
 a - a +0 robe (worn)
 e - a +1 cloak (worn)
   (You found it on level 1 of the Dungeon)
 t - a +0 helmet
   (You found it on level 5 of the Dungeon)
Jewellery
 g - a ring of poison resistance {rPois, !d}
   (You took it off an orc wizard on level 4 of the Dungeon)
 Q - a +4 ring of slaying (left hand)
   (You found it on level 2 of the Dungeon)
Wands
 h - a wand of acid (8)
   (You found it on level 4 of the Dungeon)
Scrolls
 b - 3 scrolls of amnesia {unknown}
 c - a scroll of identify {@r1}
 f - a scroll of magic mapping {unknown}
 i - 4 scrolls of poison {unknown}
 j - 2 scrolls of teleportation {unknown}
 n - a scroll of fear {unknown}
 o - a scroll of enchant armour {unknown}
Potions
 l - a potion of degeneration {!q}
 p - a potion of resistance {unknown}
 q - a potion of attraction {unknown}
 r - 2 potions of flight {unknown}
 B - a potion of brilliance
 H - 2 potions of haste
 M - a potion of magic
 P - 3 potions of lignification {!q}


   Skills:
 + Level 6.5 Dodging
 - Level 3.6 Stealth
 + Level 5.5 Spellcasting
 + Level 7.6 Necromancy


You had 10 spell levels left.
You knew the following spells:

 Your Spells              Type           Power      Damage    Failure   Level
a - Necrotise             Necr           100%       1d9       1%          1
x - Vampiric Draining     Necr           34%        2d8       1%          3
A - Animate Dead          Necr           34%        N/A       4%          4

Your spell library contained the following spells:

 Spells                   Type           Power      Damage    Failure   Level
 Slow                     Hex            20%        N/A       12%         1
 Agony                    Necr           34%        N/A       14%         5
 Blink                    Tloc           10%        N/A       19%         2
 Ensorcelled Hibernation  Hex/Ice        10%        N/A       19%         2
 Momentum Strike          Conj/Tloc      10%        3d8       19%         2
 Anguish                  Hex/Necr       9%         N/A       24%         4
 Call Canine Familiar     Summ           5%         N/A       34%         3
 Confusing Touch          Hex            5%         N/A       34%         3
 Lesser Beckoning         Tloc           10%        N/A       34%         3
 Portal Projectile        Hex/Tloc       10%        N/A       34%         3
 Spider Form              Tmut/Pois      5%         N/A       34%         3
 Cause Fear               Hex            2%         N/A       75%         4
 Leda's Liquefaction      Hex/Erth       2%         N/A       75%         4
 Manifold Assault         Tloc           5%         N/A       75%         4
 Dispersal                Tloc           2%         N/A       100%        6
 Dragon Form              Tmut           2%         N/A       100%        7
 Disjunction              Tloc           2%         N/A       100%        8
 Dragon's Call            Summ           2%         N/A       100%        9


Dungeon Overview and Level Annotations

Branches:
Dungeon (5/15)
 Temple: D:4-7

Altars:
Okawaru
Qazlal

Annotations:
D:3 1 runed translucent door, Heh's ghost, weakling OpHW
D:5 2 runed translucent doors


Innate Abilities, Weirdness & Mutations

You do not regenerate when monsters are visible.
You are frail without blood (-20% HP).
You can heal yourself when you bite living creatures.
You are immune to poison.
You have razor-sharp teeth.
You have supernaturally acute eyesight. (SInv)
You are afflicted with vampirism and can become a bat while bloodless.


Message History

You now have 12/16 mp.
Aim: a gnoll, wielding a +0 whip (wandering, hasn't noticed you, chance to affect: 88%)
The gnoll writhes in agony.
The gnoll shouts! x2
You now have 11/16 mp.
Aim: a gnoll, wielding a +0 whip (lightly wounded, chance to affect: 88%)
The gnoll writhes in agony!
You now have 10/16 mp.
Aim: a gnoll, wielding a +0 whip (severely wounded, chance to affect: 88%)
The gnoll writhes in agony!
You kill the gnoll!
The dead are walking!
You now have 9/16 mp.
Aim: a gnoll, wielding a +0 whip (ally target, chance to affect: 88%)
The gnoll writhes in agony.
You now have 8/16 mp.
Aim: a gnoll, wielding a +0 whip (heavily wounded, ally target, chance to affect: 88%)
The gnoll writhes in agony.
Your gnoll skeleton hits the gnoll but does no damage.
The gnoll hits your gnoll skeleton with a +0 whip.
The gnoll sergeant hits your gnoll skeleton with a +0 spear!
Your gnoll skeleton is destroyed!
The gnoll shouts!
You now have 7/16 mp.
Aim: a gnoll, wielding a +0 whip (almost dead, chance to affect: 88%)
The gnoll writhes in agony.
You kill the gnoll!
The dead are walking!
Aim: a gnoll, wielding a +0 spear (chance to affect: 88%)
The gnoll writhes in agony!
The gnoll hits you from afar with a +0 spear!
You take 7 damage, and have 34/41 hp.
You now have 6/16 mp.
Aim: a gnoll, wielding a +0 spear (severely wounded, chance to affect: 88%)
The gnoll writhes in agony!
You kill the gnoll!
The dead are walking!
You now have 5/16 mp.
Aim: a gnoll, wielding a +0 flail (ally target, chance to affect: 88%)
The gnoll writhes in agony.
Your gnoll skeleton barely misses the gnoll.
You now have 4/16 mp.
Aim: a gnoll, wielding a +0 flail (moderately wounded, ally target, chance to affect: 88%)
The gnoll barely resists.
Your gnoll zombie closely misses the gnoll sergeant.
The gnoll sergeant hits you but does no damage.
You now have 3/16 mp.
Aim: a gnoll, wielding a +0 flail (moderately wounded, ally target, chance to affect: 88%)
The gnoll writhes in agony.
The gnoll hits you with a +0 flail.
Your gnoll zombie hits the gnoll sergeant but does no damage.
The gnoll sergeant hits you from afar with a +0 spear!
Your gnoll skeleton closely misses the gnoll.
You take 14 damage, and have 20/41 hp.
MASSIVE DAMAGE!!
You now have 2/16 mp.
The gnoll hits you with a +0 flail!
* * * LOW HITPOINT WARNING * * *
The gnoll sergeant hits your gnoll skeleton with a +0 spear!
Your gnoll zombie barely misses the gnoll sergeant.
You take 10 damage, and have 10/41 hp.
MASSIVE DAMAGE!!
Your gnoll skeleton barely misses the gnoll.
The gnoll sergeant hits your gnoll skeleton with a +0 spear!
Your gnoll skeleton is destroyed!
Your gnoll zombie hits the gnoll sergeant but does no damage.
You hit the gnoll.
Aim: a gnoll, wielding a +0 flail (severely wounded, ally target, chance to affect: 88%)
The gnoll writhes in agony.
You kill the gnoll!
The dead are walking!
You now have 2/16 mp.
You don't have enough magic to cast this spell.
Your gnoll zombie hits the gnoll sergeant but does no damage.
The gnoll sergeant closely misses you.
You don't have enough magic to cast this spell.
Aim: a gnoll sergeant, wielding a +0 spear and wearing a +0 ring mail (ally target, chance to affect: 83%)
The gnoll sergeant writhes in agony.
The gnoll sergeant hits you with a +0 spear!
* * * LOW HITPOINT WARNING * * *
Your gnoll zombie hits the gnoll sergeant but does no damage.
You take 9 damage, and have 1/41 hp.
MASSIVE DAMAGE!!
Okay, then.
Really quaff
G - a potion of ambrosia {!q}?
You are confused.
You feel invigorated.
Your gnoll zombie barely misses the gnoll sergeant.
The gnoll sergeant barely misses you.
Your gnoll zombie hits the gnoll sergeant but does no damage.
You regained 3 hp, and now have 4/41 hp.
You regained 4 mp, and now have 6/16 mp.
The gnoll sergeant hits you with a +0 spear.
* * * LOW HITPOINT WARNING * * *
Your gnoll zombie hits the gnoll sergeant but does no damage.
You take 1 damage, and have 3/41 hp.
You regained 4 mp, and now have 10/16 mp.
You feel less invigorated.
You feel less confused.
Your gnoll zombie hits the gnoll sergeant but does no damage.
The gnoll sergeant hits you with a +0 spear!
You die...

.....## #. ###.#.#
#..#..### #.# ......#
##......# #.##.#.#.#
#..###.# #........#
##.#⌠#.# #..(.#.#.
#.###.#######>#..... #
###.....#.....#.#..#.# ...
..........###.#.#.##.#.....
............#...@gZ..).....
..........#.#....)Z..#)....
#.#...#.#....<.##.#..# ...
#.#...#.#.........#..# #
#.......#.#...........#
#.#...#.#.####..###.#.#
#.##.##.#...........#.#
...[....#######....##.#
..#####.# .##.#


You could see a gnoll sergeant (ally target) and 2 friendly gnoll zombies.

Vanquished Creatures
  A black bear (D:5)
  An ice beast (D:4)
  2 phantoms
  3 necrophages
  2 scorpions
  4 hounds
  3 jellies
  2 iguanas
  4 orc wizards
  7 gnolls (D:5)
  3 adders (D:3)
  An ufetubus (D:4)
  2 dart slugs (D:4)
  13 orcs
  6 bats
  6 endoplasms
  A giant cockroach (D:4)
  3 goblins
  10 hobgoblins
  4 jackals (D:2)
  9 kobolds
  4 quokkas
  9 ball pythons
  2 frilled lizards
  5 rats
107 creatures vanquished.

Vanquished Creatures (collateral kills)
  3 gnolls (D:5)
  A goblin (D:1)
  A hobgoblin (D:1)
  A kobold (D:2)
  A rat (D:1)
7 creatures vanquished.

Vanquished Creatures (others)
  2 gnoll zombies (D:5)
  4 orc zombies (D:5)
  A plant (D:3)
  3 withered plants (D:3)
10 creatures vanquished.

Grand Total: 124 creatures vanquished

Notes
Turn   | Place    | Note
-------+----------+-------------------------------------------
     0 | D:1      | OTABOTABOTAB the Vampire Necromancer began the quest for
                  | the Orb.
     0 | D:1      | Reached XP level 1. HP: 13/13 MP: 3/3
   386 | D:1      | Reached XP level 2. HP: 15/15 MP: 0/5
  1073 | D:2      | Gained mutation: You are afflicted with vampirism and can
                  | become a bat while bloodless. [Vampire growth]
  1073 | D:2      | Reached XP level 3. HP: 19/19 MP: 2/6
  1757 | D:3      | Reached skill level 3 in Dodging
  1757 | D:3      | Reached XP level 4. HP: 18/18 MP: 3/8
  1761 | D:3      | Learned a level 3 spell: Vampiric Draining
  1766 | D:3      | Learned a level 4 spell: Animate Dead
  1809 | D:3      | Reached skill level 5 in Necromancy
  1823 | D:3      | Reached skill level 3 in Spellcasting
  1833 | D:3      | HP: 6/24 [orc/+0 dagger (3)]
  1989 | D:3      | Found a faded altar of an unknown god.
  2057 | D:3      | Reached XP level 5. HP: 31/31 MP: 6/9
  2421 | D:3      | HP: 5/24 [adder (3)]
  2635 | D:3      | Found a runed translucent door.
  2635 | D:3      | Noticed Heh's ghost (weakling OpHW)
  2742 | D:4      | Found an iron altar of Okawaru.
  2901 | D:4      | Noticed an ice beast
  2914 | D:4      | Killed an ice beast
  2915 | D:4      | Reached skill level 4 in Dodging
  2915 | D:4      | Reached XP level 6. HP: 15/28 MP: 1/11
  2918 | D:4      | HP: 5/28 [orc wizard/puff of flame (10)]
  3228 | D:4      | Reached skill level 4 in Spellcasting
  3228 | D:4      | Reached skill level 6 in Necromancy
  3716 | D:4      | Reached skill level 5 in Dodging
  3716 | D:4      | Reached XP level 7. HP: 36/36 MP: 7/13
  4032 | D:5      | Entered Level 5 of the Dungeon
  4253 | D:5      | Found a stormy altar of Qazlal.
  4270 | D:5      | Reached skill level 7 in Necromancy
  4416 | D:5      | Reached skill level 5 in Spellcasting
  4544 | D:5      | Reached skill level 6 in Dodging
  4651 | D:5      | Reached XP level 8. HP: 38/41 MP: 15/15
  5010 | D:5      | Found a runed translucent gate.
  5011 | D:5      | Found a runed translucent gate.
  5011 | D:5      | Identified the +4 chain mail of Painted Freedom {rF+ rN+}
  5089 | D:5      | HP: 10/41 [gnoll/+0 flail[a gnoll sergeant] (10)]
  5096 | D:5      | HP: 1/41 [gnoll sergeant/+0 spear (9)]
  5099 | D:5      | Slain by a gnoll sergeant

Illustrated notes

Levels and vault maps discovered:
D:1:      pf_arrival_petrified_forest, layout_rooms, amcnicky_mini_pool_small
D:2:      layout_basic
D:3:      minmay_diamond_boxcup, layout_basic,
          shapermc_ecumenical_altar_flowoftime, gammafunk_ghost_grave
D:4:      layout_basic, mainiacjoe_overflow_concentric_impassable
D:5:      layout_loops_cross, mainiacjoe_overflow_chevrons,
          biasface_ghost_orc_armoury, serial_glass, glass_columns_b,
          glass_columns_b, glass_columns_a, glass_columns_a, glass_columns_c,
          glass_columns_c, minmay_strange_pillars, due_unseen_surprise,
          feat_on_display, minmay_strange_pillars

Skill      XL: |  1  2  3  4  5  6  7 |
---------------+----------------------+-----
Dodging        | 3 4 5 6 |  6.5
Necromancy     | 5 6 7 |  7.6
Spellcasting   | 3 4 5 |  5.5
Stealth        | |  3.6

Action                   |  1- 3 |  4- 6 |  7- 9 || total
-------------------------+-------+-------+-------++-------
Melee: Whip              |    19 |    52 |    47 ||   118
       Bite              |     5 |     7 |     8 ||    20
       Unarmed           |     1 |       |       ||     1
       Punch             |     1 |       |       ||     1
Throw: Stone             |     3 |       |       ||     3
 Cast: Necrotise         |    57 |    69 |    62 ||   188
       Vampiric Draining |       |     8 |     6 ||    14
       Animate Dead      |       |       |     4 ||     4
 Abil: Exsanguinate      |     3 |     1 |       ||     4
       Revivify          |     2 |     1 |       ||     3
       End Transformatio |       |     1 |       ||     1
       Bat Form          |       |     1 |       ||     1
  Use: Scroll            |     3 |       |     3 ||     6
       Potion            |       |     1 |     1 ||     2
 Stab: Distracted        |       |     1 |       ||     1
       Sleeping          |       |       |     1 ||     1
Armor: Robe              |    11 |    16 |    20 ||    47
Dodge: Dodged            |    38 |    39 |    52 ||   129

Table legend: (Time is in decaauts)
 A = Elapsed time spent in this place.
 B = Non-inter-level travel time spent in this place.
 C = Inter-level travel time spent in this place.
 D = Time resting spent in this place.
 E = Time spent auto-exploring this place.
 F = Levels seen in this place.
 G = Mean time per level.
                   A        B        C        D        E       F      G
               +--------+--------+--------+--------+--------+-----+--------+
         Total |   5106 |   4964 |    142 |    116 |   4029 |   5 | 1021.2 |
       Dungeon |   5106 |   4964 |    142 |    116 |   4029 |   5 | 1021.2 |
               +--------+--------+--------+--------+--------+-----+--------+

Top non-repeatable levels by time:
     D:4: 1297 daAuts
     D:5: 1071 daAuts
     D:3: 1049 daAuts
     D:2: 877 daAuts
     D:1: 810 daAuts

Table legend:
 A = Kills in this place as a percentage of kills in entire the game.
 B = Kills by you in this place as a percentage of kills by you in the entire game.
 C = Kills by friends in this place as a percentage of kills by friends in the entire game.
 D = Other kills in this place as a percentage of other kills in the entire game.
 E = Experience gained in this place as a percentage of experience gained in the entire game.
 F = Experience gained in this place divided by the number of levels of this place that you have seen.
                   A       B       C       D       E      F
               +-------+-------+-------+-------+-------+----------------------
         Total | 100.0 | 100.0 | 100.0 |   N/A | 100.0 | 350.2
       Dungeon | 100.0 | 100.0 | 100.0 |   N/A | 100.0 | 350.2
               +-------+-------+-------+-------+-------+----------------------
